 Dungeon Crawl Stone Soup version 0.23-a0-703-gdf2d5e0dd9 (webtiles) character file.

224081 Morbidden the Slayer (level 19, -3/346 HPs)
             Began as an Ogre Fighter on Jan 13, 2019.
             Was the Champion of Wu Jian.
             Shot with an arrow by a deep elf archer (12 damage)
             ... on level 2 of the Vaults on Jan 14, 2019.
             The game lasted 02:37:08 (44802 turns).

Morbidden the Slayer (Ogre Fighter)                Turns: 44802, Time: 02:37:09

Health: -3/346     AC: 34    Str: 36    XL:     19   Next: 28%
Magic:  19/19      EV:  1    Int:  9    God:    Wu Jian [******]
Gold:   3013       SH: 13    Dex:  8    Spells: 18/18 levels left

rFire    . . .     SeeInvis +   g - +3 war axe (flame)
rCold    . . .     Gourm    +   M - +0 shield {rN+}
rNeg     + + +     Faith    .   (armour currently unavailable)
rPois    +         Spirit   .   (helmet currently unavailable)
rElec    .         Reflect  .   (cloak currently unavailable)
rCorr    .         Harm     .   (gloves unavailable)
MR       +....     NoTele   +   (boots unavailable)
Stlth    ++........             s - amulet of the gourmand
HPRegen  0.67/turn              H - +5 ring of protection
MPRegen  0.16/turn              K - ring of the Sneaky Gods {Wiz SInv}

@: mighty, tree-form
A: large, unfitting armour
}: 1/15 runes: decaying
a: Wall Jump, Serpent's Lash, Heavenly Storm, Renounce Religion


You were on level 2 of the Vaults.
You worshipped Wu Jian.
Wu Jian was exalted by your worship.
You were very full.
You were a tree.
You visited 6 branches of the dungeon, and saw 30 of its levels.
You also visited: Sewer and Ice Cave.

You collected 3933 gold pieces.
You spent 920 gold pieces at shops.

Inventory:

Hand Weapons
 a - a +0 broad axe
 g - a +3 war axe of flaming (weapon)
 w - a +5 demon trident
Missiles
 e - 68 tomahawks (quivered)
 p - 36 large rocks
Armour
 B - +0 swamp dragon scales
 F - a +4 troll leather armour (melded)
 M - a +0 shield of positive energy (worn)
 O - a +2 cloak (melded)
Jewellery
 s - an amulet of the gourmand (around neck)
 t - an uncursed ring of protection from fire
 y - an uncursed ring of protection from cold
 H - a +5 ring of protection (left branch)
 J - an uncursed ring of fire
 K - the ring of the Sneaky Gods (right branch) {Wiz SInv}
   (You found it on level 2 of the Lair of Beasts)

   [ring of wizardry]

   It improves your spell success rate.
   It lets you see invisible.
 X - an uncursed ring of protection from magic
 Y - a +2 ring of slaying
Wands
 c - a wand of iceblast (16)
 j - a wand of polymorph (10)
 o - a wand of disintegration (14)
 E - a wand of acid (11)
 G - a wand of random effects (14)
 Q - a wand of flame (26)
 S - a wand of paralysis (6)
 W - a wand of clouds (2)
Scrolls
 h - 4 scrolls of magic mapping
 i - 2 scrolls of identify
 k - a scroll of fear
 l - 4 scrolls of enchant weapon
 m - 10 scrolls of teleportation
 n - 19 scrolls of remove curse
 v - 5 scrolls of amnesia
 T - 3 scrolls of enchant armour
Potions
 d - 2 potions of might
 q - 4 potions of brilliance
 r - 2 potions of magic
 u - 4 potions of curing
 x - a potion of invisibility
 z - 3 potions of resistance
 A - 2 potions of flight
 C - 2 potions of haste
 D - 3 potions of mutation
 N - a potion of heal wounds
 R - 3 potions of agility
Miscellaneous
 b - a phantom mirror
Comestibles
 f - 34 rations


   Skills:
 * Level 23.0 Fighting
 - Level 18.0 Axes
 * Level 10.7 Throwing
 + Level 6.8 Armour
 + Level 10.5 Dodging
 + Level 3.3 Stealth
 * Level 12.0 Shields
 + Level 1.0 Evocations


You had 18 spell levels left.
You didn't know any spells.
Your spell library contained the following spells:

 Spells                   Type           Power        Failure   Level  Hunger
 Beastly Appendage        Tmut           #.....       16%         1    ##.....
 Shock                    Conj/Air       #...         16%         1    ##.....
 Summon Small Mammal      Summ           #...         16%         1    ##.....
 Call Imp                 Summ           #.......     24%         2    ###....
 Sticks to Snakes         Tmut           #.......     24%         2    ###....
 Swiftness                Chrm/Air       #.......     24%         2    ###....
 Call Canine Familiar     Summ           #.......     43%         3    ####...
 Ignite Poison            Fire/Tmut/Pois #.......     43%         3    ####...
 Spider Form              Tmut/Pois      #.........   43%         3    ####...
 Static Discharge         Conj/Air       #.......     43%         3    ####...
 Summon Guardian Golem    Hex/Summ       #.......     43%         3    ####...
 Airstrike                Air            #.........   82%         4    #####..
 Ice Form                 Ice/Tmut       #.......     82%         4    #####..
 Summon Ice Beast         Ice/Summ       #.......     82%         4    #####..
 Summon Lightning Spire   Summ/Air       #.......     82%         4    #####..
 Blade Hands              Tmut           #.........   98%         5    ######.
 Fireball                 Conj/Fire      #.........   98%         5    ######.
 Lightning Bolt           Conj/Air       #.........   98%         5    ######.
 Bolt of Fire             Conj/Fire      #.........   100%        6    #######
 Ring of Flames           Chrm/Fire      #.........   100%        7    #######
 Ignition                 Fire           #.........   100%        8    #######


Dungeon Overview and Level Annotations

Branches:
Dungeon (15/15)            Temple (1/1) D:5            Lair (6/6) D:9
  Swamp (4/4) Lair:2        Snake (0/4) Lair:4        Slime (0/5) Lair:6
    Orc (2/2) D:11            Elf (0/3) Orc:2        Vaults (2/5) D:14
 Depths (0/5) D:15
  Crypt: Vaults:2-3

Altars:
Ashenzari
Cheibriados
Dithmenos
Elyvilon
Fedhas
Gozag
Hepliaklqana
Kikubaaqudgha
Makhleb
Nemelex Xobeh
Okawaru
Qazlal
Ru
Sif Muna
Trog
Uskayaw
Vehumet
Wu Jian
Xom
Yredelemnul
Zin
The Shining One
Beogh
Jiyva

Shops:
D:6 (   Orc:1 }   Orc:2 [%([   Vaults:1 [(

Portals:
Trove: D:13 (give 10 potions of heal wounds)

Annotations:
Lair:6 exclusion: 3 oklob plants


Innate Abilities, Weirdness & Mutations

You are too large for most types of armour.
((You have tough skin. (AC +1)))


Message History

Unknown command.
Unknown command.
You slash the two-headed ogre! You burn the two-headed ogre.
The two-headed ogre is severely wounded.
You slash the ironbrand convoker! You burn the ironbrand convoker.
You kill the ironbrand convoker!
The Council accepts your kill.
You slice the ogre!! You burn the ogre.
You kill the ogre!
The Council accepts your kill.
You slash the two-headed ogre! You burn the two-headed ogre.
The two-headed ogre hits you with a +0 giant club!
* * * LOW HITPOINT WARNING * * *
The two-headed ogre hits you with a +0 giant club.
* * * LOW HITPOINT WARNING * * *
You block the two-headed ogre's attack.
The two-headed ogre hits you with a +0 dire flail!
* * * LOW HITPOINT WARNING * * *
The deep elf archer shoots an arrow.
The arrow hits you!
You die...

#........p....
.#.............
.'.............
#....e........
#............p
#............c
#.............
#....O))......
#....)♣Occ....
##############


You could see a vault warden, 2 two-headed ogres, a deep elf archer and 3
yaktaurs.

Vanquished Creatures
  Boris (Vaults:2)
  Nikola (Swamp:4)
  An Ice Fiend (IceCv)
  A sphinx (Vaults:2)
  3 thorn hunters
  Kirke (Lair:5)
  2 frost giants (Vaults:2)
  2 orc warlords
  3 vault wardens
  3 ironheart preservers
  3 very ugly things
  An entropy weaver (Vaults:2)
  2 green deaths (Swamp:4)
  A deep elf death mage (Vaults:2)
  A fire dragon (Lair:6)
  2 yaktaur captains
  2 death oozes (Swamp:4)
  Fannar (D:12)
  22 hydras
  3 rakshasas
  3 ice dragons
  A hell beast (Swamp:4)
  3 ghost crabs
  2 catoblepae
  12 alligators
  4 centaur warriors
  A death knight (Vaults:2)
  5 shambling mangroves
  14 two-headed ogres
  3 ogre magi
  2 tengu warriors
  2 orc high priests (Orc:2)
  6 death yaks
  2 thrashing horrors (Swamp:4)
  A small abomination (Vaults:2)
  7 hell knights (Vaults:1)
  Sonja (D:11)
  6 spriggans
  5 skeletal warriors
  2 shadow wraiths
  4 unseen horrors
  A storm dragon skeleton (D:15)
  3 spriggan druids
  4 wizards
  A glowing orange brain (D:15)
  9 swamp dragons
  A phantasmal warrior (Vaults:2)
  2 lindwurms (Lair:6)
  11 ironbrand convokers
  3 deep elf magi
  2 necromancers
  A wolf spider zombie (D:15)
  An orb spider (Orc:2)
  2 wolf spiders
  7 orc knights
  8 cyclopes
  6 orc sorcerers
  A manticore (D:12)
  35 ugly things
  5 elephants
  Joseph (D:10)
  16 black mambas
  A guardian serpent (Lair:6)
  An ice statue (IceCv)
  3 vault sentinels
  2 gargoyles
  5 torpor snails (Lair:6)
  4 orange demons (Swamp:4)
  3 rime drakes
  23 spiny frogs
  An efreet (D:13)
  A kobold demonologist (D:13)
  4 komodo dragons
  8 yaktaurs (Vaults:2)
  A redback zombie (D:15)
  A komodo dragon (shapeshifter) (D:15)
  8 freezing wraiths
  2 golden dragon simulacra (IceCv)
  3 anaconda simulacra (IceCv)
  5 ice devils (IceCv)
  A merfolk (shapeshifter) (D:15)
  A polar bear (shapeshifter) (D:15)
  2 tengu conjurers
  9 trolls
  A jumping spider (shapeshifter) (Vaults:1)
  A harpy zombie (D:15)
  7 polar bears
  30 hornets
  14 blink frogs
  32 slime creatures
  10 tyrant leeches
  8 hippogriffs
  2 wind drakes (shapeshifter)
  13 bog bodies
  A water elemental (D:15)
  A wraith (D:12)
  6 shadows
  2 tarantellas (Vaults:2)
  15 wyverns
  35 yaks
  2 redbacks
  A spriggan (shapeshifter) (D:15)
  A vampire (D:14)
  A basilisk (shapeshifter) (Vaults:2)
  A hog (Lair:5)
  Grum (D:10)
  5 basilisks
  A steam dragon (D:7)
  The ghost of hemabe the Charlatan, an amateur HuAr (D:4)
  7 hungry ghosts
  13 vampire mosquitoes
  4 wargs
  8 insubstantial wisps (Swamp:2)
  3 nagas (Lair:4)
  4 soldier ants
  5 harpy simulacra (IceCv)
  An acid dragon (D:15)
  15 swamp worms
  18 water moccasins
  7 swamp drakes
  8 porcupines
  5 hydra simulacra (IceCv)
  3 ice beasts
  6 sky beasts
  A hornet zombie (D:15)
  3 phantoms
  20 ogres
  44 orc warriors
  3 black bears
  6 wolves
  12 centaurs
  A crocodile (shapeshifter) (D:15)
  7 crocodiles
  5 big kobolds
  16 bullfrogs
  A wyvern skeleton (D:10)
  4 scorpions
  2 elephant simulacra (IceCv)
  2 troll zombies (D:11)
  4 killer bees (D:10)
  17 wights
  7 howler monkeys
  2 electric eels
  11 crimson imps
  2 bullfrog zombies (D:8)
  3 centaur zombies
  2 quasits
  A draconian simulacrum (IceCv)
  6 jellies
  28 orc wizards
  25 orc priests
  6 bullfrog skeletons
  2 hounds
  5 iguanas
  19 worker ants
  3 troll simulacra (IceCv)
  3 spriggan simulacra (IceCv)
  A polar bear simulacrum (IceCv)
  4 ogre zombies (D:11)
  2 centaur simulacra (IceCv)
  2 hound zombies (D:5)
  A howler monkey zombie (D:6)
  A worker ant zombie (D:7)
  A howler monkey skeleton (D:10)
  2 ogre simulacra (IceCv)
  16 adders
  11 gnolls
  2 naga simulacra (IceCv)
  5 river rats (Sewer)
  3 shadow imps
  A white imp (IceCv)
  4 ufetubi (IceCv)
  3 adder zombies
  9 oozes
  An adder skeleton (D:5)
  2 worms (D:2)
  A dart slug (D:1)
  5 leopard geckos
  150 orcs
  9 bats
  18 giant cockroaches
  9 goblins
  7 hobgoblins
  6 jackals
  16 kobolds
  9 quokkas
  17 ball pythons
  10 frilled lizards
  A goblin skeleton (D:11)
  3 goblin zombies (D:11)
  A hobgoblin skeleton (D:11)
  2 hobgoblin zombies (D:11)
  A leopard gecko skeleton (D:4)
  A leopard gecko zombie (D:5)
  2 orc skeletons (D:11)
  10 orc zombies (D:11)
  A quokka skeleton (D:4)
  33 rats
  5 briar patches (Swamp:2)
  9 fungi
  11 plants
1331 creatures vanquished.

Vanquished Creatures (others)
  A spiny frog (Swamp:1)
  2 humans (Lair:5)
  An orc warrior (Orc:2)
  A swamp drake (Swamp:3)
  A white imp (IceCv)
  2 ufetubi (IceCv)
  3 briar patches
  12 fungi
  27 plants
50 creatures vanquished.

Grand Total: 1381 creatures vanquished

Notes
Turn   | Place    | Note
-------+----------+-------------------------------------------
     0 | D:1      | Morbidden the Ogre Fighter began the quest for the Orb.
     0 | D:1      | Reached XP level 1. HP: 24/24 MP: 1/1
    72 | D:1      | Reached XP level 2. HP: 29/32 MP: 2/2
   379 | D:1      | Reached XP level 3. HP: 37/40 MP: 3/3
   728 | D:2      | Reached skill level 5 in Fighting
   728 | D:2      | Reached XP level 4. HP: 23/50 MP: 4/4
  1700 | D:3      | Reached XP level 5. HP: 57/57 MP: 5/5
  2276 | D:4      | Reached XP level 6. HP: 54/66 MP: 6/6
  2414 | D:4      | Found a glowing drain.
  2448 | Sewer    | Entered a sewer
  2832 | Sewer    | Reached skill level 5 in Axes
  3124 | Sewer    | Reached XP level 7. HP: 67/74 MP: 7/7
  3125 | Sewer    | Reached skill level 6 in Fighting
  3217 | D:4      | Got a brightly glowing long sword
  3218 | D:4      | Identified the +2 long sword of Unio {venom, *Noise rN+
                  | Int+3} (You found it on level 4 of the Dungeon)
  3654 | D:4      | Found a runed gate.
  3655 | D:4      | Found a runed gate.
  3655 | D:4      | Found a runed gate.
  3655 | D:4      | Noticed hemabe's ghost (amateur HuAr)
  3760 | D:4      | Killed hemabe's ghost
  3835 | D:5      | Entered Level 5 of the Dungeon
  4122 | D:5      | Found a staircase to the Ecumenical Temple.
  4159 | D:5      | Reached XP level 8. HP: 33/84 MP: 8/8
  4197 | Temple   | Entered the Ecumenical Temple
  4300 | Temple   | Became a worshipper of the Wu Jian Council
  4597 | D:5      | Reached skill level 7 in Fighting
  5694 | D:6      | Found Gyocam's Weapon Shoppe.
  5707 | D:6      | Bought a +0 hand axe of electrocution for 142 gold pieces
  5818 | D:6      | Reached * piety under Wu Jian
  6363 | D:6      | Reached skill level 8 in Fighting
  6363 | D:6      | Reached XP level 9. HP: 39/96 MP: 9/9
  7373 | D:6      | Found a runed door.
  7388 | D:6      | Found a runed door.
  7477 | D:6      | Reached ** piety under Wu Jian
  7715 | D:6      | Reached skill level 9 in Fighting
  8131 | D:7      | Reached skill level 10 in Axes
  8462 | D:7      | Reached XP level 10. HP: 89/109 MP: 10/10
  8655 | D:7      | Reached skill level 10 in Fighting
  8678 | D:7      | Reached skill level 5 in Dodging
  8681 | D:7      | Reached skill level 5 in Shields
  9077 | D:7      | Reached *** piety under Wu Jian
  9253 | D:8      | Noticed a two-headed ogre
  9375 | D:8      | Found a sacrificial altar of Ru.
  9499 | D:8      | Reached skill level 1 in Throwing
  9685 | D:8      | Found a sparkling altar of Nemelex Xobeh.
 11305 | D:9      | Noticed a two-headed ogre
 11327 | D:9      | Killed a two-headed ogre
 11327 | D:9      | Reached skill level 11 in Fighting
 11651 | D:9      | Reached **** piety under Wu Jian
 12006 | D:9      | Reached XP level 11. HP: 108/120 MP: 11/11
 12442 | D:9      | Found a staircase to the Lair.
 12569 | D:10     | Entered Level 10 of the Dungeon
 12663 | D:10     | Noticed Grum
 13208 | D:10     | Killed Grum
 13299 | D:10     | Noticed Joseph
 13309 | D:10     | Killed Joseph
 13309 | D:10     | Reached skill level 12 in Fighting
 13762 | D:10     | Noticed a two-headed ogre
 13779 | D:10     | Killed a two-headed ogre
 13779 | D:10     | Reached skill level 1 in Armour
 13877 | D:10     | Found a roughly hewn altar of Beogh.
 13982 | D:11     | Noticed Sonja
 14002 | D:11     | Killed Sonja
 14150 | D:11     | Reached XP level 12. HP: 133/133 MP: 12/12
 14181 | D:11     | Found a staircase to the Orcish Mines.
 14253 | D:11     | Reached ***** piety under Wu Jian
 14565 | D:11     | Noticed a two-headed ogre
 14580 | D:11     | Killed a two-headed ogre
 14580 | D:11     | Reached skill level 13 in Fighting
 15036 | D:12     | Found an opulent altar of Gozag.
 15741 | D:12     | Noticed Fannar
 16454 | D:12     | Killed Fannar
 16787 | Lair:1   | Entered Level 1 of the Lair of Beasts
 17673 | Lair:2   | Reached XP level 13. HP: 111/145 MP: 13/13
 17678 | Lair:2   | Reached skill level 14 in Fighting
 17743 | Lair:2   | Found a staircase to the Swamp.
 17745 | Lair:2   | Got a glittering tin ring
 17753 | Lair:2   | Identified the ring of the Sneaky Gods {Wiz SInv} (You
                  | found it on level 2 of the Lair of Beasts)
 18783 | D:13     | Found a portal to a secret trove of treasure.
 19106 | D:13     | Reached ****** piety under Wu Jian
 19602 | D:13     | Reached skill level 15 in Fighting
 19825 | Orc:1    | Entered Level 1 of the Orcish Mines
 19833 | Orc:1    | Found Heruroaf's Gadget Shoppe.
 20015 | Orc:2    | Entered Level 2 of the Orcish Mines
 20154 | Orc:1    | Paralysed by an orc sorcerer for 6 turns
 20527 | Orc:2    | Found a roughly hewn altar of Beogh.
 20653 | Orc:2    | Found a staircase to the Elven Halls.
 20838 | Orc:2    | Found a roughly hewn altar of Beogh.
 21004 | Orc:2    | Found a roughly hewn altar of Beogh.
 21020 | Orc:2    | Found Zafosm's Armour Shoppe.
 21065 | Orc:2    | Found a roughly hewn altar of Beogh.
 21065 | Orc:2    | Found Tadiate's Food Emporium.
 21202 | Orc:2    | Found a roughly hewn altar of Beogh.
 21312 | Orc:2    | Reached skill level 15 in Axes
 21315 | Orc:2    | Noticed an orc warlord
 21995 | Orc:2    | Found Inepaloc's Antique Armour Emporium.
 21996 | Orc:2    | Found a roughly hewn altar of Beogh.
 22010 | Orc:2    | Found Falaps's Antique Weapon Shoppe.
 22031 | Orc:2    | Bought a runed shield for 270 gold pieces
 22031 | Orc:2    | Bought a glowing cloak for 270 gold pieces
 22140 | Orc:2    | Bought a glowing morningstar for 238 gold pieces
 22180 | Orc:1    | Noticed an orc warlord
 22185 | Orc:1    | Killed an orc warlord
 22185 | Orc:1    | Reached XP level 14. HP: 132/161 MP: 14/14
 22865 | D:14     | Reached skill level 16 in Fighting
 22872 | D:14     | Found a gate to the Vaults.
 23005 | D:14     | Reached skill level 1 in Stealth
 23167 | D:14     | Found a shattered altar of Ashenzari.
 23946 | D:15     | Entered Level 15 of the Dungeon
 24161 | D:15     | Got a bloodstained robe
 24162 | D:15     | Identified the +2 robe of the Valley of Death {-Tele Dex+6
                  | SInv} (You found it on level 15 of the Dungeon)
 24289 | D:15     | Reached XP level 15. HP: 87/172 MP: 15/15
 24303 | D:15     | Reached skill level 17 in Fighting
 24303 | D:15     | Reached skill level 5 in Throwing
 24547 | D:15     | Found an iron altar of Okawaru.
 25191 | D:15     | Found a staircase to the Depths.
 26891 | Lair:4   | Found a staircase to the Snake Pit.
 27706 | Lair:5   | Found a radiant altar of Vehumet.
 27773 | Lair:5   | Reached skill level 18 in Fighting
 27871 | Lair:5   | Noticed Kirke
 27884 | Lair:5   | Killed Kirke
 28265 | Lair:6   | Entered Level 6 of the Lair of Beasts
 28718 | Lair:5   | Reached XP level 16. HP: 105/188 MP: 16/16
 29587 | Lair:6   | Found a runed door.
 29602 | Lair:6   | Paralysed by a hornet for 2 turns
 29606 | Lair:6   | Paralysed by a hornet for 2 turns
 29611 | Lair:6   | Paralysed by a hornet for 1 turns
 29810 | Lair:6   | Paralysed by a hornet for 1 turns
 29944 | Lair:6   | Reached skill level 10 in Shields
 29946 | Lair:6   | Reached skill level 19 in Fighting
 30346 | Lair:6   | Found a viscous altar of Jiyva.
 30346 | Lair:6   | Found a staircase to the Slime Pits.
 30939 | Orc:2    | Found a staircase to the Elven Halls.
 31044 | Orc:2    | Found a roughly hewn altar of Beogh.
 31169 | Orc:2    | Found a roughly hewn altar of Beogh.
 31230 | Orc:2    | Found a roughly hewn altar of Beogh.
 31263 | Orc:2    | Found Inepaloc's Antique Armour Emporium.
 31264 | Orc:2    | Found a roughly hewn altar of Beogh.
 31267 | Orc:2    | Found Falaps's Antique Weapon Shoppe.
 31323 | Orc:2    | Found a roughly hewn altar of Beogh.
 31324 | Orc:2    | Found Tadiate's Food Emporium.
 31451 | Orc:2    | Found a roughly hewn altar of Beogh.
 31455 | Orc:2    | Found Zafosm's Armour Shoppe.
 31629 | Orc:2    | Found a roughly hewn altar of Beogh.
 31644 | Orc:2    | Found a staircase to the Elven Halls.
 31750 | Orc:2    | Found a roughly hewn altar of Beogh.
 31811 | Orc:2    | Found a roughly hewn altar of Beogh.
 31881 | Orc:2    | Found a roughly hewn altar of Beogh.
 31885 | Orc:2    | Found Zafosm's Armour Shoppe.
 31918 | Orc:2    | Found a roughly hewn altar of Beogh.
 31918 | Orc:2    | Found Tadiate's Food Emporium.
 31982 | Orc:2    | Found Inepaloc's Antique Armour Emporium.
 31983 | Orc:2    | Found a roughly hewn altar of Beogh.
 31986 | Orc:2    | Found Falaps's Antique Weapon Shoppe.
 32175 | Orc:2    | Found a staircase to the Elven Halls.
 32281 | Orc:2    | Found a roughly hewn altar of Beogh.
 32342 | Orc:2    | Found a roughly hewn altar of Beogh.
 32412 | Orc:2    | Found a roughly hewn altar of Beogh.
 32416 | Orc:2    | Found Zafosm's Armour Shoppe.
 32449 | Orc:2    | Found a roughly hewn altar of Beogh.
 32449 | Orc:2    | Found Tadiate's Food Emporium.
 32513 | Orc:2    | Found Inepaloc's Antique Armour Emporium.
 32514 | Orc:2    | Found a roughly hewn altar of Beogh.
 32517 | Orc:2    | Found Falaps's Antique Weapon Shoppe.
 32635 | Orc:2    | Found a roughly hewn altar of Beogh.
 32803 | Swamp:1  | Entered Level 1 of the Swamp
 32933 | Swamp:1  | Paralysed by a hornet for 2 turns
 32944 | Swamp:1  | Paralysed by a hornet for 2 turns
 33076 | Swamp:1  | Found a frozen archway.
 33107 | IceCv    | Entered an ice cave
 33865 | IceCv    | Noticed an Ice Fiend
 34396 | IceCv    | Killed an Ice Fiend
 34659 | Swamp:1  | Reached skill level 1 in Evocations
 35452 | Swamp:1  | Reached skill level 5 in Armour
 36083 | Swamp:2  | Noticed a thorn hunter
 36101 | Swamp:2  | Killed a thorn hunter
 36101 | Swamp:2  | Reached XP level 17. HP: 73/200 MP: 17/17
 36544 | Swamp:2  | Found a transporter.
 36558 | Swamp:2  | Found a transporter.
 38194 | Swamp:3  | Reached skill level 20 in Fighting
 39343 | Swamp:4  | Entered Level 4 of the Swamp
 40282 | Swamp:4  | Noticed Nikola
 40294 | Swamp:4  | Killed Nikola
 40294 | Swamp:4  | Reached skill level 21 in Fighting
 40689 | Swamp:4  | Reached XP level 18. HP: 189/215 MP: 18/18
 40905 | Swamp:4  | Reached skill level 10 in Dodging
 40913 | Swamp:4  | Got a decaying rune of Zot
 41697 | Vaults:1 | Entered Level 1 of the Vaults
 42132 | Vaults:1 | Paralysed by a wizard for 6 turns
 42653 | Vaults:1 | Reached skill level 22 in Fighting
 42675 | Vaults:1 | Reached skill level 10 in Throwing
 42733 | Vaults:1 | Paralysed by a hornet for 3 turns
 43208 | Vaults:1 | Found Lotimes's Armour Emporium.
 43212 | Vaults:1 | Found Puewigog's Weapon Boutique.
 44173 | Vaults:2 | Reached XP level 19. HP: 93/228 MP: 19/19
 44774 | Vaults:2 | Noticed Boris
 44790 | Vaults:2 | Killed Boris
 44800 | Vaults:2 | Reached skill level 23 in Fighting
 44802 | Vaults:2 | HP: 17/346 [two-headed ogre/+0 giant club (4)]
 44802 | Vaults:2 | Shot with an arrow by a deep elf archer

Vault maps used:
D:1:      dpeg_arrival_chambers_temple_mockup
D:3:      first_ration, kennysheep_potato
D:4:      ebering_ghost_rock_garden, portal_sewer_entry_a
D:5:      minmay_temple_entry_sparse_star, minivault_14, item_on_display_a
D:6:      lemuel_insect_pit, serial_shops, shop
D:8:      nemelex_xobeh_ov_fountains_minmay, basic_altar,
          hangedman_little_slice_of_home
D:9:      lair_entry_dummy
D:10:     special_room, uniq_joseph, uniq_grum
D:11:     zombieorc1_lemuel, uniq_sonja
D:12:     grunt_gozag_statues, uniq_fannar
D:13:     enter_trove_2, serial_bayou_pond_e
D:14:     david_vaults_1, evilmike_ruin_ashenzari
D:15:     gammafunk_enter_depths_forms, minivault_14, okawaru_ov_weapons_minmay
Temple:   kilobyte_greek_temple
Lair:1:   beast_lair_carwin_2, grunt_megastairs_3
Lair:2:   swamp_mist_pool
Lair:3:   cheibrodos_lair_lostbears
Lair:4:   guppyfry_snake_entry_island, st_stairs_5,
          chequers_serial_rivers_large_a, nicolae_quartered_pool_medium
Lair:5:   basic_altar, serial_bayou_shore_a, serial_bayou_shore_b,
          infiniplex_staircase_pool, grunt_megastairs_5, uniq_kirke
Lair:6:   hangedman_lair_tendril_chambers, wormcave, slime_altar_1,
          minivault_23, lemuel_fruit_tree, minmay_lair_oklob_chamber
Swamp:1:  portal_ice_cave_entry_dragon, hangedman_swamp_blocks
Swamp:2:  gammafunk_the_bubble, evilmike_swamp_ruin_house_3, swamp_pool1,
          kb_tengu_band
Swamp:3:  hangedman_swamp_ruin_wall, nicolae_swamp_dense_foliage
Swamp:4:  swamp_vile, uniq_nikola
Orc:1:    serial_shops, nicolae_shop_stone
Orc:2:    grunt_orc_community_town_hall, grunt_orc_community_big_house_1,
          grunt_orc_community_big_house_2, grunt_orc_community_house_1,
          grunt_orc_community_house_3, grunt_orc_community_house_3,
          grunt_orc_community_house_1, grunt_orc_community_house_2,
          grunt_orc_community_house_3, mines_bat_river
Vaults:1: nicolae_vaults_disjoint_gnomons, vaults_room_pools,
          ontoclasm_vaults_idyll, nicolae_vaults_octagons, v_misc_14,
          grunt_vaults_swirl, nicolae_vaults_mini_display_case,
          vaults_room_semicircle, nicolae_vaults_little_squares_6,
          grunt_vaults_hallway_short, serial_shops, shop, shop
Vaults:2: minmay_crypt_entry_simple_walls, nicolae_vaults_twisting_passages,
          ontoclasm_vaults_chip, v_alt_pattern_2, hangedman_vaults_corner,
          v_misc_1, vaults_mumra_hex, vaults_room_grid,
          nicolae_vaults_quadrants, v_misc_22, nicolae_vaults_little_squares_2,
          nicolae_vaults_diagonal_hallway_8, uniq_boris
Sewer:    sewer_minmay_w
IceCv:    ice_cave_caverns_03

Skill      XL: |  1  2  3  4  5  6  7  8  9 10 11 12 13 14 15 16 17 18 19 |
---------------+----------------------------------------------------------+-----
Fighting       | 5 6 8 9 11 12 13 15 16 18 19 21 22 23 | 23.0
Axes           | 3 4 5 6 8 10 11 12 14 15 16 17 18 | 18.0
Shields        | 3 4 5 6 7 8 9 10 11 12 | 12.0
Dodging        | 3 4 5 6 7 8 9 10 | 10.5
Throwing       | 1 2 3 4 6 8 9 10 | 10.7
Armour         | 2 3 4 5 6 |  6.8
Stealth        | 1 2 3 |  3.3
Evocations     | 1 |  1.0

Action                   |  1- 3 |  4- 6 |  7- 9 | 10-12 | 13-15 | 16-18 | 19-21 || total
-------------------------+-------+-------+-------+-------+-------+-------+-------++-------
Melee: War axe           |    82 |   267 |   184 |       |   748 |  1518 |    98 ||  2897
       Hand axe          |       |       |   201 |   957 |   577 |       |       ||  1735
       Broad axe         |       |       |       |     1 |       |       |       ||     1
       Demon trident     |       |       |       |       |       |    25 |       ||    25
Throw: Stone             |       |       |    21 |     3 |     3 |    35 |       ||    62
       Tomahawk          |       |       |     6 |     8 |    36 |     6 |       ||    56
       Large rock        |       |       |       |     8 |    10 |       |       ||    18
Invok: Lunge             |       |       |    17 |    69 |    96 |    82 |     6 ||   270
       Whirlwind         |       |       |     7 |    23 |    77 |   116 |     2 ||   225
       Serpent's Lash    |       |       |       |    11 |    12 |    12 |     2 ||    37
       Heavenly Storm    |       |       |       |       |     2 |     2 |       ||     4
 Abil: Wall Jump         |       |       |     3 |     7 |     1 |     4 |     1 ||    16
Evoke: Wand              |       |       |       |     4 |     4 |     6 |     1 ||    15
  Use: Potion            |       |     2 |     2 |     6 |     1 |    10 |     7 ||    28
       Scroll            |       |       |    11 |    13 |    11 |    16 |     4 ||    55
 Stab: Sleeping          |       |       |       |     1 |     1 |     3 |     1 ||     6
       Confused          |       |       |       |       |       |     4 |       ||     4
  Eat: Chunk             |       |     8 |     6 |    22 |    37 |    33 |       ||   106
       Ration            |       |       |     3 |     6 |       |     8 |       ||    17
Armor: Robe              |    23 |    79 |    80 |    35 |       |       |       ||   217
       Troll leather arm |       |       |       |    83 |   284 |   173 |    10 ||   550
       Ice dragon scales |       |       |       |       |       |    61 |       ||    61
       Swamp dragon scal |       |       |       |       |       |   238 |       ||   238
       Skin              |       |       |       |       |       |       |    27 ||    27
Dodge: Dodged            |    28 |   128 |   106 |   207 |   306 |   490 |    24 ||  1289
Block: Shield            |    31 |   130 |   150 |   292 |   463 |   655 |    46 ||  1767

Table legend:
 A = Non-vault XP
 B = Vault XP
 C = Vault XP percentage of total XP
 D = Non-vault monster count
 E = Vault monster count
 F = Vault count percentage of total count
                 A         B        C        D         E       F
            +---------+---------+-------+---------+---------+-------
      Total |  209360 |  130844 |  38.5 |     867 |     442 |  33.8
            +---------+---------+-------+---------+---------+-------
        D:1 |      47 |       0 |   0.0 |      24 |       0 |   0.0
        D:2 |      82 |       0 |   0.0 |      21 |       0 |   0.0
        D:3 |     134 |       4 |   2.9 |      28 |       2 |   6.7
        D:4 |     224 |     185 |  45.2 |      13 |       6 |  31.6
        D:5 |     662 |       0 |   0.0 |      34 |       0 |   0.0
        D:6 |    1207 |     749 |  38.3 |      34 |      13 |  27.7
        D:7 |    3297 |       0 |   0.0 |      37 |       0 |   0.0
        D:8 |     892 |     167 |  15.8 |      29 |       8 |  21.6
        D:9 |    3638 |       0 |   0.0 |      35 |       0 |   0.0
       D:10 |    4184 |    1510 |  26.5 |      40 |      30 |  42.9
       D:11 |    3200 |    1578 |  33.0 |      23 |      30 |  56.6
       D:12 |    4932 |    1026 |  17.2 |      28 |       1 |   3.4
       D:13 |   12674 |       0 |   0.0 |      50 |       0 |   0.0
       D:14 |   15679 |    2762 |  15.0 |      36 |       4 |  10.0
       D:15 |   13783 |    4133 |  23.1 |      35 |       8 |  18.6
     Lair:1 |    1420 |     691 |  32.7 |       7 |       4 |  36.4
     Lair:2 |    4236 |       0 |   0.0 |      21 |       0 |   0.0
     Lair:3 |    6909 |    1101 |  13.7 |      22 |       4 |  15.4
     Lair:4 |    3396 |    1701 |  33.4 |      18 |       6 |  25.0
     Lair:5 |    6152 |    3089 |  33.4 |      14 |       4 |  22.2
     Lair:6 |   14414 |   17862 |  55.3 |      34 |      54 |  61.4
    Swamp:1 |   13783 |     971 |   6.6 |      30 |       1 |   3.2
    Swamp:2 |   13589 |   10588 |  43.8 |      38 |      17 |  30.9
    Swamp:3 |   12573 |       0 |   0.0 |      36 |       0 |   0.0
    Swamp:4 |   19113 |   27556 |  59.0 |      41 |      33 |  44.6
      Orc:1 |    5305 |       0 |   0.0 |      48 |       0 |   0.0
      Orc:2 |    1703 |    8682 |  83.6 |      14 |      79 |  84.9
   Vaults:1 |   21568 |   13818 |  39.0 |      42 |      23 |  35.4
   Vaults:2 |   20564 |   21447 |  51.1 |      35 |      18 |  34.0
      Sewer |       0 |     333 | 100.0 |       0 |      48 | 100.0
      IceCv |       0 |   10891 | 100.0 |       0 |      49 | 100.0
            +---------+---------+-------+---------+---------+-------
